AoeStats
← HR nomadplayer

Arena

506023712Analyzed
4v4 RM · 20d ago on Sep 12, 2026· 28m 50s· 8 players
Game mode
Random Map
Map size
Large (8 player)
Population
200
Speed
Normal
Resources
Standard
Victory
Conquest
Starting age
Dark Age
Ending age
Imperial Age
RankedLock teamsTeams togetherTeam positionsShared explorationLock speedFull tech treeHidden civsTurbo modeCheats
Victory
Defeat
🇩🇪 Malians · Germany
2026
+8
🇺🇸 Mapuche · United States
1991
+9
🇨🇦 Jurchens · Canada
1973
+9
🇧🇬 Shu · Bulgaria
1860
+13
🇨🇱 Turks · Chile
1892
-12
🇨🇱 Burmese · Chile
1842
-11
🇨🇱 Magyars · Chile
1816
-10
🇨🇱 Aztecs · Chile
1707
-6
OS+ | The Wilderness
10:52 Feudal Age
9:33 Loom
14:15 Fletching
16:40 Castle Age
15:38 Horse Collar
15:44 Double-Bit Axe
18:52 Bow Saw
19:21 Heavy Plow
21:48 Wheelbarrow
23:46 Gold Mining
25:23 Stone Mining
25:50 Town Watch
27:58 Gold Shaft Mining
29:09 Fervor
29:23 Hand Cart
OS+ | slam
10:38 Feudal Age
11:24 Double-Bit Axe
14:24 Castle Age
12:49 Gold Mining
12:52 Horse Collar
14:12 Scale Mail Armor
15:45 Bow Saw
16:22 Squires
25:19 Wheelbarrow
25:23 Heavy Plow
26:41 Town Watch
28:06 Hand Cart
RoR | Smokealot
11:22 Feudal Age
15:02 Castle Age
13:10 Double-Bit Axe
13:54 Horse Collar
16:33 Padded Archer Armor
20:11 Arson
21:20 Squires
29:32 Wheelbarrow
28:43 Loom
TotallyNotSmurf
10:10 Feudal Age
14:10 Castle Age
12:19 Double-Bit Axe
12:43 Horse Collar
15:15 Bow Saw
25:47 Wheelbarrow
27:48 Hand Cart
28:33 Loom
HR Whitecourt
8:51 Feudal Age
9:20 Double-Bit Axe
9:15 Horse Collar
16:32 Castle Age
14:40 Stone Mining
15:34 Gold Mining
17:19 Loom
HR Sobek
11:11 Feudal Age
12:26 Horse Collar
14:52 Castle Age
17:40 Heavy Plow
22:03 Wheelbarrow
21:14 Town Watch
21:15 Loom
22:01 Sanctity
23:52 Gold Mining
23:53 Stone Mining
25:31 Hand Cart
27:18 Fletching
27:52 Ballistics
HR nomadplayer
5:46 Loom
5:50 Loom
6:33 Loom
8:47 Feudal Age
7:58 Loom
9:26 Double-Bit Axe
10:58 Fletching
11:38 Town Watch
19:52 Castle Age
18:25 Horse Collar
20:35 Padded Archer Armor
20:27 Gold Mining
21:00 Bodkin Arrow
HR RYGE
10:31 Feudal Age
14:17 Castle Age
12:43 Double-Bit Axe
13:08 Horse Collar
23:31 Loom
25:35 Wheelbarrow
25:54 Scale Mail Armor
26:04 Forging
25:53 Gold Mining
25:56 Eagle Warrior
28:04 Hand Cart
28:14 Town Watch
28:47 Squires
29:04 Chain Mail Armor
Connection lost

Rejoining the realm…

Still unreachable

The connection could not be restored.

Session expired

The server has moved on; the page needs a fresh start.